 Dungeon Crawl Stone Soup version 0.17.1-1-g73c8601 (webtiles) character file.

69 ady5 the Chopper (level 4, -4/39 HPs)
             Began as a Minotaur Berserker on Dec 29, 2015.
             Was a Believer of Trog.
             Slain by an orc warrior
             ... wielding a cursed -2 flail
              (14 damage)
             ... on level 6 of the Dungeon.
             The game lasted 00:07:03 (2019 turns).

ady5 the Chopper (Minotaur Berserker)               Turns: 2019, Time: 00:07:03

Health: -4/39      AC: 11    Str: 22    XL:     4   Next: 2%
Magic:  3/3        EV:  7    Int:  4    God:    Trog [**....]
Gold:   124        SH:  0    Dex: 10    Spells: 0 memorised, 3 levels left

rFire  . . .     SeeInvis .     a - +0 hand axe
rCold  . . .     Clarity  .     q - +0 plate armour
rNeg   + . .     SustAt   .     (no shield)
rPois  .         Gourm    .     (helmet restricted)
rElec  .         Spirit   .     (no cloak)
rCorr  .         Warding  .     (no gloves)
rMut   .         Stasis   .     (no boots)
MR     ++...                    (no amulet)
Stlth  ..........               (no ring)
                                d - ring of positive energy

@: regenerating, very resistant to hostile enchantments, extremely unstealthy
A: retaliatory headbutt, horns 2
a: Berserk, Trog's Hand, Burn Spellbooks, Renounce Religion


You were on level 6 of the Dungeon.
You worshipped Trog.
Trog was pleased with you.
You were not hungry.

You visited 1 branch of the dungeon, and saw 4 of its levels.

You collected 124 gold pieces.

Inventory:

Hand Weapons
 a - a +0 hand axe (weapon)
Armour
 q - a +0 plate armour (worn)
Jewellery
 d - a ring of positive energy (left hand)
Scrolls
 b - a scroll of teleportation {unknown}
 h - 2 scrolls of remove curse {unknown}
 k - 2 scrolls of identify
 l - a scroll of recharging {unknown}
 m - a scroll of random uselessness {unknown}
 o - a scroll of blinking {unknown}
 p - a scroll of fog {unknown}
Potions
 e - a potion of resistance
 g - a potion of might
 i - a potion of beneficial mutation {unknown}
 j - a potion of magic
Comestibles
 c - 3 bread rations
 f - a meat ration
 n - a slice of pizza


   Skills:
 - Level 3.6 Fighting
 - Level 5.2 Axes
 + Level 3.7 Armour
 - Level 2.1 Dodging


You had 3 spell levels left.
You didn't know any spells.

Dungeon Overview and Level Annotations

Branches:
Dungeon (6/15)
 Temple: D:4-7

Altars:
Trog


Innate Abilities, Weirdness & Mutations

You reflexively headbutt those who attack you in melee.
You have a pair of horns on your head.


Message History

An orc priest comes into view.
You closely miss the orc warrior.
The orc priest shouts!
You closely miss the orc warrior. Your headbutt misses the orc warrior.
The orc priest miscasts a cantrip.
The orc warrior hits you with an enchanted flail!
You barely miss the orc warrior. You headbutt the orc warrior!
The orc warrior is heavily wounded.
The orc warrior hits you with an enchanted flail.
You closely miss the orc warrior.
You headbutt the orc warrior, but do no damage.
The orc warrior is heavily wounded.
The orc warrior hits you with an enchanted flail.
* * * LOW HITPOINT WARNING * * *
You don't know any spells.
Your skin crawls.
You feel resistant to hostile enchantments.
You feel slightly more hungry.
The orc warrior hits you with an enchanted flail!
You die...

#.# #.. #.###
..##.#. ..##oo #
#.##.# .#
#.##o###.#
#.##o....#
#.#.@..###
#......#
#......#
#......#
#....#.#
#....#.#
###..#.# #....#
.
##>##########.##


You could see an orc warrior, an orc priest and 2 orcs.

Vanquished Creatures
  A gnoll (D:1)
  An adder (D:2)
  An ooze (D:1)
  A worm (D:2)
  2 giant geckos (D:2)
  An orc (D:6)
  3 giant cockroaches
  9 goblins
  2 hobgoblins (D:2)
  3 bats
  A giant newt (D:1)
  5 jackals
  3 kobolds
  7 rats
40 creatures vanquished.

Notes
Turn   | Place    | Note
--------------------------------------------------------------
     0 | D:1      | ady5 the Minotaur Berserker began the quest for the Orb.
     0 | D:1      | Reached XP level 1. HP: 19/19 MP: 0/0
    26 | D:1      | Reached skill level 4 in Axes
   202 | D:1      | Reached XP level 2. HP: 13/26 MP: 1/1
   649 | D:1      | Reached skill level 5 in Axes
   694 | D:1      | Reached XP level 3. HP: 26/31 MP: 2/2
  1121 | D:2      | Reached ** piety under Trog
  1729 | D:2      | Found a bloodstained altar of Trog.
  1966 | D:3      | You fall through a shaft for 3 floors!
  2006 | D:6      | Noticed an orc warrior
  2008 | D:6      | Reached XP level 4. HP: 39/39 MP: 3/3
  2019 | D:6      | Slain by an orc warrior

Action                   |  1- 3 |  4- 6 || total
-------------------------+-------+-------++-------
Melee: Hand axe          |    66 |     5 ||    71
Invok: Trog's Hand       |       |     1 ||     1
  Use: Scroll            |     3 |       ||     3
 Stab: Sleeping          |     1 |       ||     1
  Eat: Chunk             |     3 |       ||     3
